 Dungeon Crawl Stone Soup version 0.31.0-12-g77e489cdc1 (webtiles) character file.

Game seed: 4360474492054863732

1 spaghetti the Trooper (level 1, -2/7 HPs)
             Began as an Oni Chaos Knight on Feb 22, 2024.
             Was a Plaything of Xom.
             Frozen to death by an endoplasm (3 damage)
             ... on level 1 of the Dungeon.
             The game lasted 00:00:20 (35 turns).

spaghetti the Trooper (Oni Chaos Knight)              Turns: 35, Time: 00:00:21

Health: -2/7       AC:  1    Str: 15    XL:     1   Next: 20%
Magic:  1/1        EV: 13    Int: 13    God:    Xom [..*...]
Gold:   0          SH:  0    Dex:  8    Spells: 0/0 levels left

rFire   . .          .
                       - Unarmed
rCold   . . .        (shield currently unavailable)
rNeg    . . .        a - melded +2 robe
rPois   .            (helmet restricted)
rElec   .            (no cloak)
rCorr   .            (gloves unavailable)
SInv    .            (boots unavailable)
Will    .....        (no amulet)
Stlth   +            (no ring)
HPRegen 0.21/turn    (no ring)
MPRegen 0.07/turn

%: no passive effects
@: flux-form, glowing
A: glow, contaminating, reduced hp, large, unfitting armour, horns 1, tough skin
1, double potion healing, drunken brawling
a: Begin Untransformation, Renounce Religion


You were on level 1 of the Dungeon.
You worshipped Xom.
You were a toy of Xom.
You were something dangerously unstable.
You visited 1 branch of the dungeon, and saw 1 of its levels.

Inventory:

Armour
 a - a +2 robe (melded)
Talismans
 c - a flux talisman (active)
Scrolls
 b - a scroll of butterflies


   Skills:
 - Level 4.0 Fighting
 - Level 2.1 Dodging
 - Level 2.6 Unarmed Combat
 + Level 0.3 Shapeshifting


You couldn't memorise any spells.
You didn't know any spells.
Your spell library was empty.

Dungeon Overview and Level Annotations

Branches:
Dungeon (1/15)

Altars:

Annotations:
D:1 1 runed translucent door


Innate Abilities, Weirdness & Mutations

You are something dangerously unstable.
You glow with magical radiation, making you easy to see and hit.
Foes you strike become dangerously contaminated with magical radiation.
Your maximum health is decreased, since you lack skill for your form.
You are incapable of wielding weapons or throwing items.
You are too large for most types of armour.
You have a pair of small horns on your head.
You have tough skin. (AC +1)
You gain doubled healing and magic from potions.
Whenever you drink a healing potion, you attack all around you.


Message History

You are too injured to fight recklessly!
You are too injured to fight recklessly!
You are too injured to fight recklessly!
You are too injured to fight recklessly!
You are too injured to fight recklessly!
You are too injured to fight recklessly!
You are too injured to fight recklessly!
Unknown command.
You closely miss the kobold.
The kobold hits you with a +0 short sword.
* * * LOW HITPOINT WARNING * * *
A shower of butterflies erupts from you!
Unknown command.
Unknown command.
You hit the kobold but do no damage.
The kobold begins to glow.
You hit the kobold but do no damage.
The kobold glows dangerously bright.
You headbutt the kobold.
You kill the kobold!
An endoplasm comes into view.
An endoplasm is nearby!
An endoplasm is nearby!
An endoplasm is nearby!
An endoplasm is nearby!
The endoplasm jiggles.
You start resting.
An endoplasm is nearby!
An endoplasm is nearby!
You hit the endoplasm but do no damage.
The endoplasm begins to glow.
You headbutt the endoplasm.
The endoplasm is lightly wounded.
The endoplasm freezes you.
You are frozen.
* * * LOW HITPOINT WARNING * * *
Unknown command.
Unknown command.
You hit the endoplasm.
The endoplasm glows dangerously bright.
The endoplasm is heavily wounded.
The endoplasm freezes you.
You are frozen.
You die...

.# .## .. ##.##########
.# #
............##b##.#
###+#######'###.#bb.J.#
#..⌠...>...⌠..#.#.J.#
#......<....).#.#b#.#
+⌠....###....⌠+p#.# #
#.............#.J.#
#######+#######.###
#.....BBhrBBJ.#b#
#.......rBBJ..#.# #
............#.#
#############.. ... ##.


You could see an endoplasm (heavy contam).

Vanquished Creatures
  A kobold (D:1)
1 creature vanquished.

Notes
Turn   | Place    | Note
-------+----------+-------------------------------------------
     0 | D:1      | spaghetti the Oni Chaos Knight began the quest for the Orb.
     0 | D:1      | Reached XP level 1. HP: 24/24 MP: 1/1
     1 | D:1      | Found a runed translucent door.
    23 | D:1      | XOM: butterfly on damage
    35 | D:1      | Frozen to death by an endoplasm

Illustrated notes

Levels and vault maps discovered:
D:1:      dpeg_arrival_caged_fury, layout_loops_ring,
          chequers_ecumenical_altar_simple_redux, minmay_domino_2

Action                     || total
---------------------------++-------
  Melee: Unarmed           ||     5
         Headbutt          ||     2
 Armour: Skin              ||     2
   Form: Flux              ||     1
